 Dungeon Crawl Stone Soup version 0.28.0-62-gf88900778d (webtiles) character file.

Game seed: 6410418333288251382

452 cbfl8 the Chopper (level 6, 0/55 HPs)
             Began as a Minotaur Fighter on Sept 11, 2023.
             Slain by a killer bee (1 damage)
             ... on level 5 of the Dungeon.
             The game lasted 00:02:54 (3057 turns).

cbfl8 the Chopper (Minotaur Fighter)                Turns: 3057, Time: 00:02:55

Health: 0/55       AC: 13    Str: 21    XL:     6   Next: 75%
Magic:  5/5        EV:  6    Int:  5    God:
Gold:   245        SH:  4    Dex: 11    Spells: 5/5 levels left

rFire   . . .      SeeInvis .   a - +0 war axe
rCold   . . .      Faith    .   c - +0 buckler
rNeg    . . .      Spirit   .   k - +0 plate armour
rPois   .          Reflect  .   (helmet restricted)
rElec   .          Harm     .   m - +0 cloak
rCorr   .          Rampage  .   (no gloves)
Will    .....                   (no boots)
Stlth   ..........              (no amulet)
HPRegen 0.18/turn               (no ring)
MPRegen 0.09/turn               (no ring)

@: hasted, very quick
A: horns 2, retaliatory headbutt
a: no special abilities


You were on level 5 of the Dungeon.
You visited 1 branch of the dungeon, and saw 5 of its levels.

You collected 245 gold pieces.

Inventory:

Hand Weapons
 a - a +0 war axe (weapon)
Missiles
 g - 3 throwing nets (quivered)
Armour
 c - a +0 buckler (worn)
 k - a +0 plate armour (worn)
 m - a +0 cloak (worn)
Wands
 i - a wand of digging (5)
Scrolls
 h - 2 scrolls of teleportation
 j - a scroll of fear {unknown}
 n - a scroll of noise {unknown}
Potions
 b - a potion of cancellation {unknown}
 d - 3 potions of might
 f - a potion of curing {unknown}
 l - a potion of degeneration {unknown}


   Skills:
 + Level 4.9 Fighting
 + Level 5.4 Axes
 + Level 5.4 Armour
 + Level 4.2 Shields
 * Level 2.6 Evocations


You had 5 spell levels left.
You didn't know any spells.
Your spell library contained the following spells:

 Spells                   Type           Power      Damage    Failure   Level
 Animate Skeleton         Necr           0%         N/A       100%        1
 Magic Dart               Conj           0%         1d3       100%        1
 Pain                     Necr           0%         1d4       100%        1
 Slow                     Hex            0%         N/A       100%        1
 Searing Ray              Conj           0%         2d4       100%        2
 Confusing Touch          Hex            0%         N/A       100%        3
 Vampiric Draining        Necr           0%         2d6       100%        3
 Fulminant Prism          Conj/Hex       0%         3d6       100%        4


Dungeon Overview and Level Annotations

Branches:
Dungeon (5/15)
 Temple: D:4-7

Altars:


Innate Abilities, Weirdness & Mutations

You have a pair of horns on your head.
You reflexively headbutt those who attack you in melee.


Message History

The gnoll is heavily wounded.
You hit the gnoll but do no damage. The gnoll hits you with a +0 spear.
You block the gnoll's attack.
The gnoll hits you from afar with a +0 halberd!
* * * LOW HITPOINT WARNING * * *
The gnoll hits you with a +0 spear!
* * * LOW HITPOINT WARNING * * *
The gnoll hits you but does no damage.
The gnoll hits you from afar with a +0 spear.
* * * LOW HITPOINT WARNING * * *
There is a stone staircase leading down here.
The gnoll closely misses you.
You climb downwards.
The dart slug launches a dart at you. The slug dart hits you.
* * * LOW HITPOINT WARNING * * *
There is a stone staircase leading up here.
The dart slug launches a dart at you. You block the slug dart.
You block the dart slug's attack.
You slash the dart slug!
You kill the dart slug!
You feel yourself speed up.
There is a stone staircase leading up here. 2 killer bees come into view.
The killer bee buzzes angrily. x2; You hear an angry buzzing noise.
A killer bee comes into view. x2
The killer bee stings you.
* * * LOW HITPOINT WARNING * * *
The killer bee stings you.
* * * LOW HITPOINT WARNING * * *
You hit the ogre.
The ogre is lightly wounded.
You closely miss the killer bee.
The killer bee stings you but does no damage.
The ogre hits you with a +0 giant club.
* * * LOW HITPOINT WARNING * * *
You block the killer bee's attack. The killer bee stings you.
You die...

#...................
#.............##.#..
#...................
#.....^#O..##....#
#.............#. # #
#.###########.# .##.
#. #<####.... #
#########......#
#....yy@.......#
#..y.y.O.......#
#.....#######...(.?#
#..... #........#
#....y #........+
#..... #........#
#.##.y +........# #.
#.. #........# # #..
#........#


You could see an ogre and 4 killer bees.

Vanquished Creatures
  Sigmund (D:3)
  A jelly (D:4)
  Ijyb (D:3)
  Terence (D:3)
  Natasha (thrice) (D:3)
  6 gnolls
  3 adders
  A worm (D:3)
  3 dart slugs
  An orc (D:4)
  5 ball pythons
  6 endoplasms
  4 giant cockroaches
  6 goblins
  5 hobgoblins
  A kobold (D:1)
  A quokka (D:3)
  3 bats
  2 frilled lizards
  4 rats
58 creatures vanquished.

Notes
Turn   | Place    | Note
-------+----------+-------------------------------------------
     0 | D:1      | cbfl8 the Minotaur Fighter began the quest for the Orb.
     0 | D:1      | Reached XP level 1. HP: 19/19 MP: 0/0
   306 | D:1      | Reached XP level 2. HP: 27/27 MP: 1/1
   580 | D:1      | Found a faded altar of an unknown god.
   804 | D:2      | Reached XP level 3. HP: 30/33 MP: 2/2
   884 | D:2      | Reached skill level 1 in Evocations
  1118 | D:2      | Reached XP level 4. HP: 35/40 MP: 3/3
  1695 | D:3      | Noticed Ijyb
  1702 | D:3      | Killed Ijyb
  1832 | D:3      | You fall into a shaft and drop 2 floors!
  1832 | D:5      | Entered Level 5 of the Dungeon
  1845 | D:5      | Noticed an ogre
  1848 | D:5      | Noticed an ogre
  2252 | D:4      | Reached XP level 5. HP: 37/47 MP: 4/4
  2421 | D:3      | Noticed Sigmund
  2436 | D:3      | Killed Sigmund
  2437 | D:3      | Reached skill level 5 in Armour
  2437 | D:3      | Reached XP level 6. HP: 40/53 MP: 5/5
  2522 | D:3      | Noticed Terence
  2530 | D:3      | Killed Terence
  2531 | D:3      | Reached skill level 5 in Axes
  2573 | D:3      | Noticed Natasha
  2576 | D:3      | Killed Natasha
  2635 | D:3      | Noticed Natasha
  2643 | D:3      | Killed Natasha
  2772 | D:3      | Noticed Natasha
  2778 | D:3      | Killed Natasha
  3055 | D:5      | HP: 2/55 [killer bee (5)]
  3057 | D:5      | Slain by a killer bee

Illustrated notes

Levels and vault maps discovered:
D:1:      pf_arrival_petrified_forest, layout_basic,
          shapermc_ecumenical_altar_acropolis, bh_walls_and_bars
D:2:      layout_rooms, serial_curves, eino_curves_02, eino_curves_03,
          eino_curves_03
D:3:      layout_rooms, kennysheep_nub, dk_noncrumbling_2,
          mrwooster_statue_mirror, uniq_terence, uniq_ijyb, uniq_natasha,
          uniq_sigmund
D:4:      layout_basic, minmay_temple_entry_overgrown, minmay_box_of_dots
D:5:      layout_basic

Skill      XL: |  1  2  3  4  5  6 |
---------------+-------------------+-----
Fighting       | 4 |  4.9
Armour         | 4 5 |  5.4
Shields        | 4 |  4.2
Evocations     | 1 2 |  2.6
Axes           | 3 4 5 |  5.4

Action                   |  1- 3 |  4- 6 || total
-------------------------+-------+-------++-------
Melee: War axe           |    54 |    68 ||   122
       Headbutt          |    10 |     7 ||    17
  Use: Scroll            |     1 |     2 ||     3
       Potion            |       |     1 ||     1
Armor: Scale mail        |    28 |       ||    28
       Chain mail        |       |     2 ||     2
       Plate armour      |       |    35 ||    35
Dodge: Dodged            |    39 |    28 ||    67
Block: Buckler           |    10 |    14 ||    24
